Map: Lightshade LE

Players

AgoElazer (Elazer) - Winner!

  • Race: Zerg Zerg
  • Spawn Location: 5:00

maru

  • Race: Terran Terran
  • Spawn Location: 11:00

Event: TSL 6

VOD

Have the link to the VOD?

Description

Time

  • Played on: Dec. 20, 2020, 11:57 a.m.
  • Length: 7:44

All games in this series

Show
View Real Time Build Order
Export as new Build Order

AgoElazer Zerg - Winner!

Build Orders: Hatch First 

Get SALT Encoding   

  12  0:00  Drone  
  13  0:12  Overlord  
  13  0:17  Drone  
  14  0:30  Drone x2  
  16  0:47  Hatchery  
  15  0:50  Drone  
  15  0:54  Drone  
  17  0:57  Drone  
  18  1:08  Extractor  
  17  1:14  Spawning Pool  
  17  1:17  Drone  
  18  1:18  Drone  
  19  2:00  Zergling x8  
  22  2:01  Queen x2  
  26  2:12  Overlord  
  26  2:13  Drone  
  27  2:23  Drone  
  27  2:29  Extractor  
  27  2:35  Drone  
  27  2:36  Drone x2  
  30  2:42  Overlord  
  30  2:58  Overlord  
  30  2:59  Queen  
  30  3:01  Drone x2  
  34  3:09  Drone x2  
  36  3:16  Drone x2  
  36  3:17  Drone x2  
  40  3:30  Queen  
  40  3:31  Overlord  
  40  3:32  Drone  
  43  3:35  Drone  
  43  3:36  Metabolic Boost  
  42  3:41  Drone x2  
  42  3:43  Drone  
  42  3:47  Drone  
  43  3:49  Drone  
  43  3:51  Drone  
  45  4:03  Drone  
  45  4:04  Hatchery  
  45  4:11  Queen  
  45  4:12  Overlord  
  45  4:15  Drone x2  
  49  4:20  Queen  
  49  4:23  Overlord  
  51  4:31  Overlord  
  51  4:33  Zergling x8  
  55  4:45  Zergling x8  
  59  4:51  Queen  
  59  4:52  Overlord  
  61  4:53  Drone x3  
  61  4:56  Baneling Nest  
  63  5:05  Overlord  
  63  5:06  Evolution Chamber  
  60  5:18  Drone x8  
  60  5:20  Queen  
  70  5:25  Queen  
  70  5:27  Zergling x4  
  74  5:32  Queen  
  74  5:34  Zergling x2  
  74  5:35  Zergling x6  
  80  5:42  Spore Crawler  
  80  5:43  Spore Crawler  
  80  5:46  Zergling x12  
  81  5:55  Zergling x2  
  76  5:59  Overlord  
  76  6:01  Lair, Spore Crawler  
  75  6:06  Queen  
  75  6:09  Drone x4  
  75  6:10  Drone  
  82  6:15  Drone x5  
  87  6:23  Baneling x3  
  87  6:25  Zergling x6  
  90  6:39  Zergling x2  
  93  6:40  Zergling x16  
  93  6:42  Spore Crawler  
  93  6:45  Overlord  
  89  6:49  Overlord  
  89  6:52  Drone x5  
  91  7:01  Overseer  
  88  7:02  Drone x2  
  88  7:06  Extractor  
  89  7:09  Extractor, Drone, Overseer  
  89  7:13  Drone x3  
  92  7:17  Extractor  
  92  7:20  Hatchery  
  92  7:21  Drone  
  87  7:30  Drone x4  
Show
View Real Time Build Order
Export as new Build Order

maru Terran 

Build Orders: Hellion Banshee 

Get SALT Encoding   

  12  0:00  SCV  
  13  0:12  SCV  
  14  0:18  Supply Depot  
  14  0:25  SCV  
  15  0:40  Barracks  
  15  0:50  Barracks  
  15  0:53  SCV  
  16  1:04  Refinery  
  16  1:05  SCV  
  17  1:17  SCV  
  18  1:27  Marine  
  18  1:30  Orbital Command  
  19  1:37  Supply Depot, Marine  
  20  1:44  Marine  
  21  1:54  Marine  
  21  1:57  SCV  
  22  2:03  Marine  
  22  2:05  Factory  
  23  2:11  SCV  
  23  2:12  Marine  
  25  2:21  Marine  
  26  2:25  SCV  
  26  2:27  Supply Depot  
  27  2:30  Marine  
  28  2:38  SCV  
  29  2:50  Factory Reactor  
  29  2:54  SCV  
  30  2:59  Command Center  
  30  3:07  SCV  
  30  3:10  Starport  
  31  3:16  Refinery  
  31  3:19  SCV  
  32  3:29  Hellion  
  32  3:30  Hellion  
  32  3:31  SCV  
  37  3:37  Supply Depot  
  35  3:53  Hellion x2  
  39  3:58  Medivac, SCV  
  42  4:02  Barracks Tech Lab  
  42  4:13  SCV  
  42  4:14  Hellion x2  
  47  4:25  SCV  
  47  4:26  Armory  
  47  4:30  Orbital Command  
  48  4:35  Supply Depot  
  48  4:40  Hellion  
  48  4:42  Hellion  
  52  4:49  Banshee  
  52  4:51  Cloaking Field  
  55  4:54  SCV  
  55  4:56  SCV  
  57  5:06  SCV  
  60  5:07  Hellion  
  60  5:08  SCV  
  59  5:19  SCV  
  59  5:20  SCV  
  55  5:26  Hellion  
  57  5:31  Supply Depot, SCV  
  57  5:32  Banshee  
  57  5:33  SCV  
  57  5:35  Barracks Tech Lab  
  62  5:43  SCV  
  62  5:45  SCV  
  65  5:50  Hellion x2  
  65  5:55  SCV  
  66  5:57  SCV  
  66  6:01  Stimpack, Marine  
  68  6:07  SCV  
  68  6:09  SCV  
  68  6:10  Command Center  
  70  6:12  Supply Depot  
  70  6:19  SCV  
  70  6:21  SCV  
  70  6:22  Hellion  
  74  6:30  Hellion  
  74  6:31  SCV  
  77  6:33  SCV  
  68  6:43  SCV  
  68  6:45  SCV  
  50  6:55  SCV  
  50  6:57  SCV  
  50  7:02  Command Center  
  50  7:07  SCV  
  51  7:09  SCV  
  51  7:15  Factory Reactor  
  49  7:18  Barracks  
  49  7:20  Barracks, Starport Reactor, SCV  
  49  7:21  SCV  
  48  7:24  Engineering Bay x2  
  48  7:25  Marine  
  49  7:32  SCV  
Tags
 
Composition
Hellion Banshee
Event
TSL 6
Matchup
TvZ
Spawn Locations
Cross Positions
Add a new tag
Caveats
  • Supply blocks, unpowered buildings, or Contaminate may cause inaccurate times.
  • Supply counts are checked every 10 seconds.